 Dungeon Crawl Stone Soup version 0.27.1-36-g1b1ada6b1e (webtiles) character file.

Game seed: 16067366304357305779

961 mioo the Chopper (level 7, -5/54 HPs)
             Began as a Demonspawn Gladiator on Feb 2, 2023.
             Was an Initiate of Okawaru.
             Slain by an orc warrior (13 damage)
             ... on level 5 of the Dungeon.
             The game lasted 00:08:08 (5748 turns).

mioo the Chopper (Demonspawn Gladiator)             Turns: 5748, Time: 00:08:09

Health: -5/54      AC:  3    Str: 16    XL:     7   Next: 92%
Magic:  7/7        EV: 13    Int: 10    God:    Okawaru [......]
Gold:   216        SH:  0    Dex: 14    Spells: 6/6 levels left

rFire    . . .     SeeInvis .   a - +0 war axe
rCold    + . .     Faith    .   (no shield)
rNeg     . . .     Spirit   .   b - +0 leather armour
rPois    .         Reflect  .   (helmet restricted)
rElec    .         Harm     .   (no cloak)
rCorr    .         Rampage  .   (no gloves)
Will     .....                  (no boots)
Stlth    ++........             (no amulet)
HPRegen  0.18/turn              m - +4 ring of slaying
MPRegen  0.10/turn              o - ring of protection from cold

@: no status effects
A: horns 2, spiny 1, sturdy frame 1
a: Renounce Religion


You were on level 5 of the Dungeon.
You worshipped Okawaru.
Okawaru was noncommittal.
You visited 2 branches of the dungeon, and saw 8 of its levels.

You collected 216 gold pieces.

Inventory:

Hand Weapons
 a - a +0 war axe (weapon)
Missiles
 d - 3 throwing nets (quivered)
Armour
 b - a +0 leather armour (worn)
 c - a +0 helmet
Jewellery
 m - a +4 ring of slaying (left hand)
 n - a ring of wizardry
 o - a ring of protection from cold (right hand)
Wands
 l - a wand of flame (30)
 s - a wand of charming (5)
Scrolls
 f - 5 scrolls of identify {unknown}
 g - 4 scrolls of teleportation {unknown}
 i - a scroll of magic mapping {unknown}
 k - a scroll of vulnerability {unknown}
 p - a scroll of amnesia {unknown}
 r - a scroll of immolation {unknown}
Potions
 e - a potion of berserk rage
 h - 3 potions of heal wounds {unknown}
 j - 4 potions of curing {unknown}
 q - a potion of might {unknown}
 t - a potion of haste {unknown}
 u - a potion of flight {unknown}


   Skills:
 + Level 4.1 Fighting
 + Level 6.4 Axes
 + Level 1.8 Throwing
 + Level 1.1 Armour
 + Level 4.2 Dodging
 + Level 2.8 Stealth
 + Level 1.1 Evocations


You had 6 spell levels left.
You didn't know any spells.
Your spell library contained the following spells:

 Spells                   Type           Power      Damage    Failure   Level
 Call Canine Familiar     Summ           0%         N/A       75%         3
 Portal Projectile        Hex/Tloc       0%         N/A       75%         3
 Stone Arrow              Conj/Erth      0%         3d7       75%         3
 Leda's Liquefaction      Hex/Erth       0%         N/A       98%         4
 Bolt of Magma            Conj/Fire/Erth 0%         4d4       100%        5
 Shatter                  Erth           0%         3d5*      100%        9


Dungeon Overview and Level Annotations

Branches:
Dungeon (7/15)             Temple (1/1) D:4

Altars:
Elyvilon
Fedhas
Gozag
Hepliaklqana
Kikubaaqudgha
Makhleb
Okawaru
Sif Muna
Trog
Uskayaw
Vehumet
Xom
Yredelemnul

Shops:
D:3 *

Annotations:
D:5 Edmund


Innate Abilities, Weirdness & Mutations

You have a pair of horns on your head.
You are partially covered in sharp spines.
Your movements are slightly less encumbered by armour. (ER -2)


Message History

The orc hits you with a +0 club.
You climb upwards.
Level annotation: Edmund
There is a stone staircase leading down here.
Unknown command.
You slash the orc!
You kill the orc!
Okawaru accepts your kill.
Things that are here:
a +0 club; a +0 ring mail
Things that are here:
a +0 club; a +0 ring mail
There is a stone staircase leading down here.
You start resting.
HP restored.
You climb downwards.
The orc warrior closely misses you.
There is a stone staircase leading up, spattered with blood here.
Unknown command.
The orc warrior hits you with a +0 scimitar!
You climb upwards.
Level annotation: Edmund
There is a stone staircase leading down here.
Unknown command.
You closely miss the orc warrior.
You headbutt the orc warrior, but do no damage.
The orc warrior hits you with a +0 scimitar!
You hit the orc warrior but do no damage.
The orc warrior misses you.
You closely miss the orc warrior. The orc warrior closely misses you.
The orc warrior is struck by your spines.
The orc warrior hits you with a +0 scimitar!
* * * LOW HITPOINT WARNING * * *
You slash the orc warrior! You headbutt the orc warrior!
The orc warrior is almost dead.
The orc warrior is struck by your spines.
The orc warrior barely misses you.
You barely miss the orc warrior.
The orc warrior is almost dead.
The orc warrior hits you with a +0 scimitar!
You die...

######## ......<#
######## ..# #.#
#.#######
#........
.#################
...............o@#
...###############
(#.# ##.# #.# #..
#.. #...


You could see an orc warrior.

Vanquished Creatures
  Sigmund (D:3)
  A necrophage (D:6)
  A phantom (D:4)
  The ghost of bmj180 the Digger, an amateur GrEE (D:3)
  A scorpion (D:5)
  A bullfrog zombie (D:5)
  A centaur zombie (D:6)
  A jelly (D:3)
  A centaur skeleton (D:5)
  4 hounds
  Ijyb (D:3)
  An iguana (D:4)
  Terence (D:3)
  A hound skeleton (D:4)
  3 gnolls (D:3)
  6 adders
  2 ufetubi
  4 dart slugs
  11 orcs
  6 bats
  7 endoplasms
  2 giant cockroaches
  7 goblins
  8 hobgoblins
  A quokka (D:1)
  11 ball pythons
  A frilled lizard (D:3)
  5 kobolds
  8 rats
99 creatures vanquished.

Vanquished Creatures (others)
  A human (D:4)
1 creature vanquished.

Grand Total: 100 creatures vanquished

Notes
Turn   | Place    | Note
-------+----------+-------------------------------------------
     0 | D:1      | mioo the Demonspawn Gladiator began the quest for the Orb.
     0 | D:1      | Reached XP level 1. HP: 16/16 MP: 1/1
    40 | D:1      | Reached skill level 3 in Axes
    40 | D:1      | Found a faded altar of an unknown god.
   180 | D:1      | Gained mutation: You are partially covered in sharp spines.
                  | [demonic ancestry]
   180 | D:1      | Reached XP level 2. HP: 14/22 MP: 2/2
   602 | D:1      | Gained mutation: Your movements are slightly less
                  | encumbered by armour. (ER -2) [demonic ancestry]
   602 | D:1      | Reached XP level 3. HP: 22/27 MP: 3/3
  1203 | D:2      | Reached skill level 1 in Armour
  1729 | D:3      | Found a runed translucent door.
  1729 | D:3      | Noticed bmj180's ghost (amateur GrEE)
  1764 | D:3      | Reached XP level 4. HP: 31/34 MP: 4/4
  1792 | D:3      | Noticed Ijyb
  1821 | D:3      | Killed Ijyb
  1822 | D:3      | Reached skill level 4 in Axes
  2322 | D:3      | Noticed Terence
  2330 | D:3      | Killed Terence
  2331 | D:3      | Gained mutation: You have a pair of small horns on your
                  | head. [demonic ancestry]
  2331 | D:3      | Reached XP level 5. HP: 37/39 MP: 5/5
  2371 | D:3      | Found Niyrch's General Store.
  2488 | D:3      | Noticed Sigmund
  2502 | D:3      | Killed Sigmund
  2503 | D:3      | Reached skill level 5 in Axes
  2503 | D:3      | Gained mutation: You have a pair of horns on your head.
                  | [demonic ancestry]
  2503 | D:3      | Reached XP level 6. HP: 7/47 MP: 6/6
  3034 | D:3      | Found a hazy altar of Hepliaklqana.
  3039 | D:3      | Found a blossoming altar of Fedhas.
  3054 | D:3      | Found a basalt altar of Yredelemnul.
  3062 | D:3      | Found a burning altar of Makhleb.
  3075 | D:3      | Found an opulent altar of Gozag.
  3334 | D:3      | Killed bmj180's ghost
  3335 | D:3      | Reached skill level 1 in Stealth
  3536 | D:4      | Found a staircase to the Ecumenical Temple.
  3894 | Temple   | Entered the Ecumenical Temple
  3927 | Temple   | Became a worshipper of Warmaster Okawaru
  4024 | D:4      | You fall into a shaft and drop 3 floors!
  4157 | D:5      | Entered Level 5 of the Dungeon
  4214 | D:5      | Found a shimmering blue altar of Sif Muna.
  4248 | D:4      | Reached XP level 7. HP: 51/52 MP: 7/7
  4267 | D:4      | Reached skill level 1 in Evocations
  4523 | D:4      | Found an ancient bone altar of Kikubaaqudgha.
  4524 | D:4      | Noticed a human
  4526 | D:4      | Killed a human
  5094 | D:5      | Reached skill level 6 in Axes
  5278 | D:5      | Noticed Edmund
  5748 | D:5      | Slain by an orc warrior

Illustrated notes

Levels and vault maps discovered:
D:1:      sevenhm_arrival_forest_fort_small_4, layout_rooms,
          hellmonk_ecumenical_altar_prayer_group,
          hangedman_decor_clover_reticule
D:2:      layout_rooms
D:3:      layout_loops_ring, minmay_overflow_temple_star_hex,
          hellmonk_ghost_happy_afterlife, serial_shops, shop, uniq_ijyb,
          uniq_sigmund, uniq_terence
D:4:      layout_basic, tgw_kikubaaqudgha, minmay_temple_entry_waves
D:5:      layout_basic, nicolae_sif_muna_condensation, uniq_duvessa,
          uniq_prince_ribbit1, uniq_edmund
D:6:      layout_layer_cave, item_on_display_a
D:7:      layout_basic
Temple:   nicolae_temple_god_jail

Skill      XL: |  1  2  3  4  5  6  7 |
---------------+----------------------+-----
Axes           | 3 4 5 6 |  6.4
Dodging        | 3 4 |  4.2
Armour         | 1 |  1.1
Fighting       | 3 4 |  4.1
Stealth        | 1 2 |  2.8
Evocations     | 1 |  1.1
Throwing       | |  1.8

Action                   |  1- 3 |  4- 6 |  7- 9 || total
-------------------------+-------+-------+-------++-------
Melee: War axe           |    62 |    73 |    56 ||   191
       Headbutt          |       |     8 |     8 ||    16
Evoke: Wand              |       |     6 |       ||     6
  Use: Potion            |       |     1 |       ||     1
 Stab: Sleeping          |       |     3 |     2 ||     5
Armor: Leather armour    |    20 |    17 |    21 ||    58
Dodge: Dodged            |    51 |    55 |    48 ||   154
